 Dungeon Crawl Stone Soup version 0.18.1-48-g4cf74bf (webtiles) character file.

205 Alarkh the Slasher (level 5, 0/38 HPs)
             Began as a Mummy Skald on Sept 12, 2016.
             Was an Initiate of Okawaru.
             Slain by a centaur zombie (7 damage)
             ... on level 6 of the Dungeon.
             The game lasted 00:05:36 (3758 turns).

Alarkh the Slasher (Mummy Skald)                    Turns: 3758, Time: 00:05:37

Health: 0/38       AC:  3    Str: 15    XL:     5   Next: 52%
Magic:  8/8        EV: 11    Int: 13    God:    Okawaru [......]
Gold:   108        SH:  0    Dex: 11    Spells: 1 memorised, 7 levels left

rFire  x . .     SeeInvis +     a - +0 falchion
rCold  + . .     Gourm    .     b - +0 leather armour
rNeg   + + +     Faith    .     (no shield)
rPois  ∞         Spirit   .     (no helmet)
rElec  .         Dismiss  .     (no cloak)
rCorr  .         Reflect  .     (no gloves)
SustAt .         Harm     .     (no boots)
MR     .....                    (no amulet)
Stlth  +.........               (no ring)
                                i - ring of see invisible

@: not resistant to hostile enchantments, very unstealthy
A: no food or potions, fire vulnerability, cold resistance 1, negative energy
resistance 3, torment resistance, unbreathing
a: Renounce Religion


You were on level 6 of the Dungeon.
You worshipped Okawaru.
Okawaru was noncommittal.
You were not hungry.

You visited 1 branch of the dungeon, and saw 6 of its levels.

You collected 108 gold pieces.

Inventory:

Hand Weapons
 a - a +0 falchion (weapon)
Armour
 b - a +0 leather armour (worn)
Jewellery
 d - an uncursed ring of poison resistance {unknown}
 i - a ring of see invisible (left hand)
Scrolls
 e - a scroll of identify
 f - a scroll of recharging
 g - a scroll of remove curse {unknown}
 h - a scroll of immolation
 j - a scroll of fear {unknown}
 k - a scroll of magic mapping {unknown}
Books
 c - a book of Battle

   Spells                             Type                      Level
   a - Infusion                       Charms                       1
   b - Shroud of Golubria             Charms/Translocation         2
   c - Song of Slaying                Charms                       2
   d - Spectral Weapon                Hexes/Charms                 3
   e - Regeneration                   Charms/Necromancy            3


   Skills:
 - Level 2.0 Fighting
 + Level 4.8 Long Blades
 - Level 0.7 Armour
 - Level 0.7 Dodging
 - Level 2.0 Spellcasting
 - Level 2.4 Charms


You had 7 spell levels left.
You knew the following spells:

 Your Spells              Type           Power        Failure   Level  Hunger
a - Infusion              Chrm           #...         14%         1    N/A

Dungeon Overview and Level Annotations

Branches:
Dungeon (6/15)
 Temple: D:4-7

Altars:
Dithmenos
Elyvilon
Nemelex Xobeh
Okawaru
Qazlal
Sif Muna
Yredelemnul

Shops:
D:5 [

Annotations:
D:2 Sigmund
D:4 Dowan, Duvessa


Innate Abilities, Weirdness & Mutations

You do not eat or drink.
Your flesh is vulnerable to fire.
You are immune to poison.
Your flesh is cold resistant.
You are immune to negative energy.
You are immune to unholy pain and torment.
You can survive without breathing.


Message History

Found a stone staircase leading down.
Found 16 gold pieces.
Found a dagger.
The crimson imp blinks!
You see here a glass ring.
d - a glass ring The centaur zombie completely misses you.
The crimson imp blinks!
Unknown command.
The centaur zombie barely misses you.
The crimson imp blinks!
The centaur zombie hits you but does no damage.
The crimson imp blinks!
You open the door. The centaur zombie hits you.
Found a deep blue altar of Sif Muna.
The centaur zombie hits you.
* * * LOW HITPOINT WARNING * * *
There is an open door here.
There is a deep blue altar of Sif Muna here.
You open the door. The centaur zombie hits you!
You die...

#.. #$## ..## .# #..#
##.. ..# # #..#
..####..
..#.#.#..#####......
.(......%...[...>#.
.....#.....#...... ..##
#.###.#.###'# ####
...#......##@# .....
<...#.#$#...#Z#......
......#...##.##5.......
......######...........
...... ###..)......
#....##+## ....$...
+........# #.........


You could see a crimson imp and a centaur zombie.

Vanquished Creatures
  A hound (D:5)
  3 gnolls (D:2)
  4 adders
  An ooze (D:3)
  An adder skeleton (D:5)
  2 worms
  3 dart slugs
  2 giant geckos
  3 orcs (D:3)
  7 giant cockroaches
  7 goblins
  9 hobgoblins
  6 jackals
  7 kobolds
  A ball python (D:1)
  12 bats
  8 giant newts
  4 rats
81 creatures vanquished.

Notes
Turn   | Place    | Note
--------------------------------------------------------------
     0 | D:1      | Alarkh the Mummy Skald began the quest for the Orb.
     0 | D:1      | Reached XP level 1. HP: 16/16 MP: 3/3
    19 | D:1      | Reached skill level 2 in Long Blades
    52 | D:1      | Reached XP level 2. HP: 18/22 MP: 0/5
   486 | D:1      | Reached XP level 3. HP: 27/27 MP: 2/6
   713 | D:1      | Reached skill level 3 in Long Blades
  1116 | D:2      | Reached XP level 4. HP: 24/33 MP: 1/7
  1202 | D:2      | Found a white marble altar of Elyvilon.
  1253 | D:2      | Found a basalt altar of Yredelemnul.
  1568 | D:2      | Noticed Sigmund
  2049 | D:2      | Reached skill level 4 in Long Blades
  2208 | D:3      | Found a stormy altar of Qazlal.
  2210 | D:3      | Noticed an air elemental
  2211 | D:3      | Noticed a water elemental
  2211 | D:3      | Noticed a fire elemental
  2211 | D:3      | Noticed an earth elemental
  2853 | D:3      | Found a sparkling altar of Nemelex Xobeh.
  2859 | D:3      | Reached XP level 5. HP: 32/38 MP: 6/8
  3142 | D:2      | Found an iron altar of Okawaru.
  3142 | D:2      | Found a shadowy altar of Dithmenos.
  3422 | D:2      | Became a worshipper of Warmaster Okawaru
  3547 | D:4      | Noticed Duvessa
  3547 | D:4      | Noticed Dowan
  3574 | D:5      | Entered Level 5 of the Dungeon
  3642 | D:5      | Found Etoi's Armour Shoppe.
  3649 | D:5      | Noticed a water moccasin
  3684 | D:5      | Noticed an ogre
  3725 | D:5      | Noticed a sky beast
  3755 | D:6      | Found a deep blue altar of Sif Muna.
  3758 | D:6      | Slain by a centaur zombie

Skill      XL: |  1  2  3  4 |
---------------+-------------+-----
Long Blades    | 2 3 4 |  4.8
Fighting       | |  2.0
Armour         | |  0.7
Dodging        | |  0.7
Spellcasting   | |  2.0
Charms         | |  2.4

Action                   |  1- 3 |  4- 6 || total
-------------------------+-------+-------++-------
Melee: Falchion          |    93 |   209 ||   302
 Cast: Infusion          |    19 |    27 ||    46
  Use: Scroll            |       |     4 ||     4
Armor: Leather armour    |    28 |    59 ||    87
Dodge: Dodged            |    64 |   149 ||   213
